 Dungeon Crawl Stone Soup version 0.30-a0-728-gc68057be0a (webtiles) character file.

Game seed: 9656496628902881573

280930 lesbiats the Wrestler (level 19, -11/198 HPs)
             Began as a Troll Fighter on Jan 29, 2023.
             Was the Champion of Wu Jian.
             Shot with an arrow by a deep elf master archer (21 damage)
             ... on level 3 of the Elven Halls on Jan 30, 2023.
             The game lasted 04:13:04 (45936 turns).

lesbiats the Wrestler (Troll Fighter)              Turns: 45936, Time: 04:13:05

Health: -11/198    AC:  8    Str: 29    XL:     19   Next: 69%
Magic:  22/22      EV: 21    Int:  8    God:    Wu Jian [******]
Gold:   1034       SH:  0    Dex:  9    Spells: 2/24 levels left

rFire   + + +      SeeInvis +      - Unarmed
rCold   + + .      Faith    .    d - +2 shield of Resistance {rF++ rC++ Will++}
rNeg    + . .      Spirit   .    b - +2 robe {rN+}
rPois   +          Reflect  +    J - +0 mask of the Dragon {Will+ Slay+3 SInv}
rElec   +          Harm     .    R - +2 cloak {rCorr}
rCorr   +          Rampage  .    (gloves unavailable)
Will    ++++.                    (boots unavailable)
Stlth   +                        t - amulet of reflection
HPRegen 1.33/turn                r - ring of poison resistance
MPRegen 0.18/turn                f - ring "Qidd" {rElec rF+ rCorr SInv}

@: confused, mighty, ambrosia-drunk, in a heavenly storm, glowing
A: large, unfitting armour, claws 3, regeneration 1, shaggy fur 1, tough skin 1,
deformed body, dopey 1, no potion heal 1
}: 2/15 runes: serpentine, barnacled
a: Renounce Religion, Wall Jump, Serpent's Lash, Heavenly Storm


You were on level 3 of the Elven Halls.
You worshipped Wu Jian.
Wu Jian was exalted by your worship.
You visited 7 branches of the dungeon, and saw 34 of its levels.
You also visited: Sewer, Bailey and Ice Cave.

You collected 3933 gold pieces.
You spent 2899 gold pieces at shops.

Inventory:

Missiles
 c - 24 javelins
 e - 77 poisoned darts (quivered)
 l - 3 boomerangs of dispersal
 u - 40 large rocks
 v - 6 silver javelins
 B - 6 atropa-tipped darts
 D - 5 throwing nets
 K - 22 boomerangs
 L - 6 silver boomerangs
 Q - 5 curare-tipped darts
Armour
 b - a +2 robe of positive energy (worn)
 d - the +2 shield of Resistance (worn) {rF++ rC++ Will++}
   (You bought it in a shop on level 1 of the Orcish Mines)

   rF:        It greatly protects you from fire.
   rC:        It greatly protects you from cold.
   Will:      It greatly increases your willpower.
 J - the +0 mask of the Dragon (worn) {Will+ Slay+3 SInv}
   (You found it on level 3 of the Lair of Beasts)

   Slay:      It affects your accuracy & damage with ranged weapons and melee
   (+3).
   SInv:      It lets you see invisible.
   Will:      It increases your willpower.
 R - a +2 cloak of preservation (worn)
Jewellery
 f - the ring "Qidd" (right claw) {rElec rF+ rCorr SInv}
   (You bought it in a shop on level 2 of the Orcish Mines)

   [ring of see invisible]

   rF:        It protects you from fire.
   rElec:     It insulates you from electricity.
   SInv:      It lets you see invisible.
   rCorr:     It protects you from acid and corrosion.
 r - a ring of poison resistance (left claw)
 t - an amulet of reflection (around neck)
 w - an amulet of regeneration
Wands
 q - a wand of flame (49)
 F - a wand of charming (15)
 H - a wand of iceblast (12)
 I - a wand of digging (3)
 V - a wand of polymorph (12)
 Z - a wand of mindburst (25)
Scrolls
 h - 16 scrolls of teleportation
 k - a scroll of blinking
 n - 8 scrolls of poison
 C - 2 scrolls of fear
 E - 7 scrolls of vulnerability
 P - 2 scrolls of silence
 S - 2 scrolls of noise
 T - 2 scrolls of torment
 X - 4 scrolls of fog
Potions
 a - a potion of resistance
 i - a potion of attraction
 j - 2 potions of ambrosia
 p - 5 potions of flight
 s - 3 potions of haste
 x - 4 potions of berserk rage
 z - 4 potions of lignification
 Y - 2 potions of might
Miscellaneous
 g - a phial of floods
 y - a lightning rod (4/4)
 U - a box of beasts
 W - a phantom mirror


   Skills:
 - Level 14.5 Fighting
 - Level 9.9 Dodging
 - Level 14.7 Shields
 - Level 23.0 Unarmed Combat
 - Level 3.3 Spellcasting
 + Level 5.8 Transmutations
 * Level 9.0 Earth Magic


You had 2 spell levels left.
You knew the following spells:

 Your Spells              Type           Power      Damage    Failure   Level
a - Passwall              Tmut/Erth      10%        N/A       3%          2
b - Statue Form           Tmut/Erth      8%         N/A       98%         6
c - Iron Shot             Conj/Erth      4%         9d2       100%        6
d - Stone Arrow           Conj/Erth      16%        3d8       22%         3
e - Lee's Rapid Deconstr  Erth           7%         3d7*      32%         5

Your spell library contained the following spells:

 Spells                   Type           Power      Damage    Failure   Level
 Sandblast                Erth           30%        2d9       1%          1
 Beastly Appendage        Tmut           20%        N/A       4%          1
 Wereblood                Tmut           10%        N/A       7%          2
 Apportation              Tloc           2%         N/A       45%         1
 Freeze                   Ice            4%         1d3       45%         1
 Necrotise                Necr           4%         1d4       45%         1
 Summon Small Mammal      Summ           4%         N/A       45%         1
 Cigotuvi's Dreadful Rot  Necr/Pois/Air  2%         N/A       58%         2
 Ensorcelled Hibernation  Hex/Ice        2%         N/A       58%         2
 Sublimation of Blood     Necr           1%         N/A       58%         2
 Petrify                  Tmut/Erth      13%        N/A       22%         4
 Spider Form              Tmut/Pois      6%         N/A       41%         3
 Leda's Liquefaction      Hex/Erth       4%         N/A       58%         4
 Call Canine Familiar     Summ           1%         N/A       83%         3
 Dazzling Flash           Conj/Hex       2%         N/A       83%         3
 Frozen Ramparts          Ice            2%         1d1       83%         3
 Hailstorm                Conj/Ice       1%         3d3       83%         3
 Ozocubu's Armour         Ice            1%         N/A       83%         3
 Summon Guardian Golem    Hex/Summ       1%         N/A       83%         3
 Vampiric Draining        Necr           1%         2d6       83%         3
 Borgnjor's Vile Clutch   Necr/Erth      4%         N/A       91%         5
 Flame Wave               Conj/Fire      1%         2d4       99%         4
 Iskenderun's Mystic Bla  Conj/Tloc      1%         2d3       99%         4
 Irradiate                Conj/Tmut      3%         3d12      99%         5
 Agony                    Necr           1%         N/A       100%        5
 Fireball                 Conj/Fire      0%         3d3       100%        5
 Iskenderun's Battlesphe  Conj           1%         2d6       100%        5
 Metabolic Englaciation   Hex/Ice        0%         N/A       100%        5
 Conjure Ball Lightning   Conj/Air       0%         3x3d6     100%        6
 Starburst                Conj/Fire      0%         6d3       100%        6
 Orb of Destruction       Conj           0%         9d5       100%        7
 Death's Door             Necr           0%         N/A       100%        9
 Polar Vortex             Ice            0%         N/A       100%        9


Dungeon Overview and Level Annotations

Branches:
Dungeon (15/15)            Temple (1/1) D:7            Lair (5/5) D:9
 Shoals (4/4) Lair:3        Snake (4/4) Lair:3        Slime (0/5) Lair:5
    Orc (2/2) D:10            Elf (3/3) Orc:2        Vaults (0/5) D:13
 Depths (0/4) D:15          Sewer (visited)          Bailey (visited)
  IceCv (visited)

Altars:
Ashenzari
Cheibriados
Dithmenos
Fedhas
Gozag
Kikubaaqudgha
Makhleb
Okawaru
Qazlal
Ru
Sif Muna
Trog
Uskayaw
Vehumet
Wu Jian
Xom
Zin
Jiyva

Shops:
D:5 =   D:9 =   D:11 ?   D:14 [   Orc:1 [   Orc:2 *=*[(   Elf:1 :   Shoals:2 *

Annotations:
Elf:3 1 exclusion


Innate Abilities, Weirdness & Mutations

You are too large for most types of armour.
You have claws for hands.
Your natural rate of healing is unusually fast.
You are covered in fur. (AC +1)
You have tough skin. (AC +1)
Armour fits poorly on your strangely shaped body.
You are dopey. (Int -2)
Potions are less effective at restoring your health.


Message History

You feel strangely unstable.
The deep elf elementalist gestures at you while chanting.
The fireball explodes!
The fireball engulfs you! You resist.
* * * LOW HITPOINT WARNING * * *
The fireball engulfs the earth elemental.
The earth elemental completely resists.
The deep elf elementalist casts a spell at you.
Some walls begin to move on their own!
You see here a +0 short sword.
Your surroundings suddenly seem different.
A deep elf master archer comes into view.
Found an ichor-stained rapier.
The deep elf master archer shouts!
You hear a shout! x2
The deep elf master archer wields a +0 longbow.
The deep elf master archer shoots an arrow.
The arrow hits you!
* * * LOW HITPOINT WARNING * * *
Okay, then.
Your system partially rejects the healing.
You feel better.
You hear a shout! x4
Okay, then.
A deep elf master archer comes into view.
The deep elf master archer moves out of view.
Okay, then.
You are confused.
Your system partially rejects the healing.
You feel invigorated.
You hear a shout!
The deep elf master archer shoots an arrow.
The arrow closely misses you.
A deep elf sorcerer comes into view. It is wielding a +0 long sword.
You hear a shout!
The deep elf master archer wields a +0 longbow.
The deep elf master archer shoots an arrow.
The arrow hits you!
* * * LOW HITPOINT WARNING * * *
The deep elf master archer shoots an arrow.
The arrow hits you!!
You die...

##.......##.....
##......##.e... #
##.....##.....##
####......##......## .
'.........##...§§§☼###...
####......# #.☼§§§§☼.....
# ##.#..## #'§§§e§☼.....
###..##).#☼§☼§☼☼.....^
#..# ###@§§☼...... #..#
##e§§....#'####### #..##
#☼#######.......e #...#
..# #.......... ##.## ...
#.☼☼§§☼§... #.#


ee. ##.☼☼§☼e☼... ########.# .....##.§☼§§§§§... .........# ...#..§§○§○###..
########## #...§ee## You could see 2 deep elf master archers.

Vanquished Creatures
  Vashnia (Snake:2)
  Nikola (Snake:2)
  Jorgrun (D:14)
  The ghost of Waiwil the End of an Era, an adept DsFi of Qazlal (Elf:1)
  A deep elf blademaster (Elf:3)
  A lich (IceCv)
  An ancient champion (Elf:1)
  Gastronok (Lair:1)
  3 deep elf sorcerers (Elf:3)
  5 nagarajas (Snake:4)
  Aizul (Lair:3)
  Louise (D:15)
  2 frost giants
  7 deep elf elementalists (Elf:3)
  An orc warlord (Orc:2)
  A very ugly thing (IceCv)
  4 deep elf demonologists
  3 deep elf annihilators (Elf:3)
  6 deep elf death magi
  6 merfolk javelineers
  Josephine (Shoals:1)
  A fire dragon (Lair:5)
  4 merfolk impalers
  5 deep elf high priests (Elf:3)
  A caustic shrike simulacrum (IceCv)
  A catoblepas (Lair:5)
  A rakshasa (D:13)
  8 hydras
  3 salamander tyrants
  An alligator snapping turtle (Shoals:4)
  8 merfolk avatars
  15 anacondas
  4 centaur warriors
  35 dancing weapons
  8 merfolk aquamancers
  2 satyrs (Shoals:4)
  15 naga warriors
  6 death yaks (Lair:2)
  4 orc high priests
  7 tengu warriors
  17 deep elf knights
  20 naga sharpshooters
  9 shock serpents
  3 salamander mystics
  13 sea snakes
  9 skeletal warriors
  4 naga ritualists
  An obsidian statue (IceCv)
  4 bog bodies (IceCv)
  A lindwurm (Lair:5)
  A necromancer (IceCv)
  2 spriggan simulacra (IceCv)
  5 harpies
  16 deep elf zephyrmancers
  7 orc knights
  7 deep elf archers
  25 deep elf pyromancers
  9 mana vipers
  4 orc sorcerers (Orc:2)
  12 ugly things
  10 cyclopes
  15 manticores
  18 salamanders
  7 fauns
  34 black mambas
  7 merfolk sirens
  13 elephants (Lair:4)
  9 naga magi
  11 cane toads
  7 guardian serpents
  3 molten gargoyles (Lair:5)
  6 water nymphs
  4 gargoyles
  A torpor snail (Lair:5)
  22 komodo dragons
  2 efreet
  3 rime drakes
  A yaktaur (D:15)
  A tengu conjurer (D:13)
  3 anaconda simulacra (IceCv)
  16 freezing wraiths (IceCv)
  2 ice devils (IceCv)
  25 merfolk
  9 meliai
  A golden dragon simulacrum (IceCv)
  A hornet (D:8)
  5 wind drakes
  5 polar bears
  9 trolls
  13 snapping turtles
  15 dream sheep
  3 blink frogs
  9 slime creatures (D:13)
  3 air elementals (Elf:1)
  18 water elementals
  A vampire (D:13)
  2 shadows
  6 wraiths
  8 wyverns
  Eustachio (D:5)
  2 dire elephant simulacra (IceCv)
  6 fire elementals
  3 basilisks
  40 yaks
  Grum (D:8)
  9 vampire mosquitoes
  3 steam dragons
  A minotaur simulacrum (IceCv)
  Edmund (D:6)
  3 wargs
  5 harpy simulacra (IceCv)
  34 nagas
  2 hydra simulacra (IceCv)
  2 acid dragons
  Duvessa (D:6)
  4 hell hounds (Lair:5)
  14 water moccasins
  3 sky beasts
  40 orc warriors
  3 black bears
  2 alligator simulacra (IceCv)
  An ice beast (shapeshifter) (D:14)
  7 ogres
  An ice beast (D:7)
  13 centaurs
  An ettin simulacrum (IceCv)
  20 wolves
  A phantom (D:5)
  6 kobold brigands
  9 bullfrogs
  A necrophage (D:5)
  4 earth elementals
  2 gnoll sergeants
  A scorpion (D:5)
  A deep troll simulacrum (IceCv)
  12 wights
  Dowan (D:6)
  4 killer bees
  4 lindwurm simulacra (IceCv)
  4 howler monkeys
  4 electric eels
  5 lava snakes (Lair:5)
  2 hounds (D:5)
  5 jellies
  2 quasits (D:7)
  Crazy Yiuf (D:3)
  A gnoll bouda (D:8)
  24 orc priests
  Ijyb (D:3)
  2 iguanas
  Terence (D:3)
  24 orc wizards
  A hell rat (Lair:2)
  15 gnolls
  9 river rats
  9 adders
  A white imp (D:7)
  7 worms
  3 dart slugs
  99 orcs
  6 ball pythons
  9 endoplasms
  2 giant cockroaches
  7 hobgoblins
  3 jackals
  3 quokkas
  4 bats
  18 kobolds
  17 rats
1233 creatures vanquished.

Vanquished Creatures (others)
  A deep elf pyromancer (Elf:1)
  A bush (Lair:2)
  25 fungi
  124 plants
151 creatures vanquished.

Grand Total: 1384 creatures vanquished

Notes
Turn   | Place    | Note
-------+----------+-------------------------------------------
     0 | D:1      | lesbiats the Troll Fighter began the quest for the Orb.
     0 | D:1      | Reached XP level 1. HP: 22/22 MP: 0/0
   279 | D:1      | Reached XP level 2. HP: 29/29 MP: 1/1
  1127 | D:2      | Reached XP level 3. HP: 32/36 MP: 2/2
  1250 | D:2      | Reached skill level 3 in Unarmed Combat
  1590 | D:3      | Identified a scroll of acquirement
  1590 | D:3      | Acquired the +3 crown of Dyrovepreva {rElec Int+2 SInv}
  1590 | D:3      | Found the +3 crown of Dyrovepreva {rElec Int+2 SInv}
  1604 | D:3      | Noticed Ijyb
  1761 | D:3      | Noticed Terence
  1772 | D:3      | Killed Terence
  1773 | D:3      | Reached XP level 4. HP: 43/45 MP: 3/3
  1803 | D:3      | Found a glowing drain.
  1823 | Sewer    | Entered a sewer
  1990 | Sewer    | Noticed a kobold brigand
  2001 | Sewer    | Killed a kobold brigand
  2002 | Sewer    | Reached skill level 4 in Unarmed Combat
  2002 | Sewer    | Reached XP level 5. HP: 53/53 MP: 4/4
  2173 | Sewer    | Reached XP level 6. HP: 49/61 MP: 5/5
  2291 | Sewer    | Reached skill level 5 in Unarmed Combat
  2874 | D:3      | Killed Ijyb
  3059 | D:3      | Found a runed translucent door.
  3060 | D:3      | Noticed Crazy Yiuf
  3341 | D:3      | Killed Crazy Yiuf
  3608 | D:4      | Reached XP level 7. HP: 68/68 MP: 6/6
  3957 | D:4      | Found a stormy altar of Qazlal.
  4269 | D:5      | Entered Level 5 of the Dungeon
  4425 | D:5      | Noticed Eustachio
  4454 | D:5      | Killed Eustachio
  4455 | D:5      | Reached skill level 6 in Unarmed Combat
  4843 | D:5      | Reached XP level 8. HP: 79/79 MP: 7/7
  4860 | D:5      | Reached skill level 5 in Shields
  4881 | D:5      | Reached skill level 7 in Unarmed Combat
  5034 | D:5      | Found Rughuh's Jewellery Shoppe.
  5438 | D:5      | Reached skill level 5 in Fighting
  5455 | D:6      | Noticed Edmund
  5478 | D:6      | Killed Edmund
  5479 | D:6      | Reached skill level 8 in Unarmed Combat
  5578 | D:6      | Noticed Dowan
  5584 | D:6      | Noticed Duvessa
  5598 | D:6      | Killed Duvessa
  5613 | D:6      | Killed Dowan
  5631 | D:6      | Found an iron altar of Okawaru.
  5647 | D:6      | Reached XP level 9. HP: 88/88 MP: 8/8
  5883 | D:6      | Reached skill level 9 in Unarmed Combat
  5889 | D:6      | Found a sacrificial altar of Ru.
  6206 | D:6      | Found an opulent altar of Gozag.
  6220 | D:6      | Learned a level 2 spell: Passwall
  6384 | D:7      | Found a staircase to the Ecumenical Temple.
  6505 | D:7      | Found a flagged portal.
  6562 | Bailey   | Entered a bailey
  6898 | Bailey   | Reached skill level 10 in Unarmed Combat
  6898 | Bailey   | Reached XP level 10. HP: 90/98 MP: 9/9
  7162 | Bailey   | Found the +13 scythe of Curses {drain, curses, Drain}
  7212 | Bailey   | Reached skill level 5 in Dodging
  7441 | Bailey   | Identified the +2 war axe "Nomiut" {flame, Int+2 Dex+5
                  | Stlth-}
  8282 | Temple   | Entered the Ecumenical Temple
  8291 | Temple   | Became a worshipper of the Wu Jian Council
  8731 | D:8      | Reached * piety under Wu Jian
  8879 | D:8      | Found a radiant altar of Vehumet.
  8971 | D:8      | Found a burning altar of Makhleb.
  9403 | D:8      | Found a blossoming altar of Fedhas.
  9671 | D:9      | Noticed Grum
  9675 | D:8      | Killed Grum
  9676 | D:8      | Reached skill level 11 in Unarmed Combat
  9854 | D:9      | Reached ** piety under Wu Jian
  9941 | D:9      | Found Jonkinapi's Jewellery Emporium.
 10010 | D:9      | Found a staircase to the Lair.
 10035 | D:9      | Found an ancient bone altar of Kikubaaqudgha.
 10098 | D:9      | Reached XP level 11. HP: 109/109 MP: 10/10
 10291 | D:9      | Found a shimmering blue altar of Sif Muna.
 10396 | Lair:1   | Entered Level 1 of the Lair of Beasts
 10555 | Lair:1   | Identified the amulet of Recklessness {Spirit Will+ Int+6
                  | Dex+4 Slay+2}
 10599 | Lair:1   | Noticed Gastronok
 10618 | Lair:1   | Killed Gastronok
 11272 | Lair:2   | Noticed a seven-headed hydra
 11288 | Lair:2   | Reached skill level 12 in Unarmed Combat
 11525 | Lair:2   | Noticed an eight-headed hydra
 11697 | Lair:2   | Reached *** piety under Wu Jian
 11702 | Lair:2   | Noticed a death yak
 11704 | Lair:2   | Noticed a death yak
 11704 | Lair:2   | Noticed a death yak
 11705 | Lair:2   | Noticed a death yak
 11706 | Lair:2   | Noticed a death yak
 11706 | Lair:2   | Noticed a death yak
 11749 | Lair:2   | Killed a death yak
 11750 | Lair:2   | Reached XP level 12. HP: 80/119 MP: 7/11
 11751 | Lair:2   | Killed a seven-headed hydra
 11751 | Lair:2   | Killed a death yak
 11753 | Lair:2   | Killed a death yak
 11760 | Lair:2   | Killed an eight-headed hydra
 11773 | Lair:2   | Killed a death yak
 11774 | Lair:2   | Reached skill level 13 in Unarmed Combat
 11778 | Lair:2   | Killed a death yak
 11790 | Lair:2   | Killed a death yak
 12755 | Lair:3   | Found a staircase to the Shoals.
 12984 | Lair:3   | Found a staircase to the Snake Pit.
 13193 | Lair:3   | Reached **** piety under Wu Jian
 13367 | Lair:3   | Found the +0 mask of the Dragon {Will+ Slay+3 SInv}
 14128 | Lair:4   | Reached XP level 13. HP: 128/128 MP: 12/12
 14329 | Lair:4   | Reached skill level 14 in Unarmed Combat
 14973 | Lair:5   | Entered Level 5 of the Lair of Beasts
 15260 | Lair:5   | Reached skill level 10 in Shields
 15395 | Lair:5   | Found a runed translucent door.
 15395 | Lair:5   | Found a viscous altar of Jiyva.
 15396 | Lair:5   | Found a staircase to the Slime Pits.
 15582 | Lair:5   | Reached skill level 15 in Unarmed Combat
 15775 | Lair:5   | Reached ***** piety under Wu Jian
 16282 | Lair:5   | Reached XP level 14. HP: 92/141 MP: 8/13
 16343 | Lair:5   | Found a large runed translucent door.
 16346 | Lair:5   | Found a large runed translucent door.
 16890 | D:10     | Entered Level 10 of the Dungeon
 16890 | D:10     | Found a staircase to the Orcish Mines.
 17003 | D:5      | Bought a ring of willpower for 325 gold pieces
 17566 | D:11     | Identified the +0 robe of the Northern Lights {Drain rF-
                  | Str+8 Dex+2}
 17581 | D:11     | Found Idischel's Magic Scroll Boutique.
 17596 | D:11     | Reached skill level 10 in Fighting
 17596 | D:11     | Reached skill level 16 in Unarmed Combat
 17616 | D:11     | Bought a scroll of teleportation for 45 gold pieces
 17616 | D:11     | Bought a scroll of noise for 15 gold pieces
 17616 | D:11     | Bought a scroll of poison for 60 gold pieces
 17616 | D:11     | Bought a scroll of torment for 142 gold pieces
 17616 | D:11     | Bought a scroll of fear for 60 gold pieces
 17616 | D:11     | Bought a scroll of poison for 60 gold pieces
 18675 | D:12     | Identified the +0 rapier of Putrescence {freeze, +Blink
                  | rPois Dex-4 SInv}
 18998 | D:12     | Identified the +5 broad axe of the Gnashing Gods {protect,
                  | rF+}
 19194 | Orc:1    | Entered Level 1 of the Orcish Mines
 19354 | Orc:1    | Reached ****** piety under Wu Jian
 19568 | Orc:1    | Found Eshiede's Armour Emporium.
 19745 | Orc:1    | Bought the +2 shield of Resistance {rF++ rC++ Will++} for
                  | 1057 gold pieces
 19745 | Orc:1    | Found the +2 shield of Resistance {rF++ rC++ Will++}
 20047 | Orc:2    | Entered Level 2 of the Orcish Mines
 20115 | Orc:2    | Found a staircase to the Elven Halls.
 20186 | Orc:2    | Found Neettoat's Needful Niceties.
 20410 | Orc:2    | Noticed an orc warlord
 20429 | Orc:2    | Killed an orc warlord
 20432 | Orc:2    | Gained mutation: Armour fits poorly on your strangely
                  | shaped body. [a neqoxec]
 20436 | Orc:2    | Gained mutation: You are dopey. (Int -2) [a neqoxec]
 20437 | Orc:2    | Gained mutation: Potions are less effective at restoring
                  | your health. [a neqoxec]
 20451 | Orc:2    | Reached skill level 17 in Unarmed Combat
 20687 | Orc:2    | Found Tufuogea's Antique Armour Shop.
 20688 | Orc:2    | Found Cochoz's Antique Weapon Shop.
 20690 | Orc:2    | Found Hulened's General Store.
 20690 | Orc:2    | Found Diepniash's Jewellery Boutique.
 21510 | D:13     | Reached XP level 15. HP: 75/152 MP: 5/14
 22065 | D:13     | Found a gate to the Vaults.
 22757 | D:14     | Found Kodar Bixki's Armour Emporium.
 22764 | D:14     | Noticed Jorgrun
 22770 | D:14     | Killed Jorgrun
 22898 | D:14     | Reached skill level 18 in Unarmed Combat
 23107 | D:14     | You fall into a shaft and drop 1 floor!
 23107 | D:15     | Entered Level 15 of the Dungeon
 23153 | D:15     | Noticed Louise
 24365 | D:15     | Killed Louise
 24525 | D:15     | Found a staircase to the Depths.
 24525 | D:15     | Noticed a frost giant
 24547 | D:15     | Killed a frost giant
 24997 | Orc:2    | Bought the ring "Qidd" {rElec rF+ rCorr SInv} for 665 gold
                  | pieces
 25169 | Snake:1  | Entered Level 1 of the Snake Pit
 25665 | Snake:1  | Reached skill level 19 in Unarmed Combat
 25800 | Snake:1  | Found a transporter.
 25823 | Snake:1  | Found a transporter.
 26057 | Snake:1  | Reached XP level 16. HP: 165/165 MP: 15/15
 26303 | Snake:2  | Noticed Nikola
 26319 | Snake:2  | Killed Nikola
 28157 | Snake:2  | Noticed Vashnia
 28402 | Snake:2  | Killed Vashnia
 28403 | Snake:2  | Reached skill level 20 in Unarmed Combat
 30582 | Snake:4  | Entered Level 4 of the Snake Pit
 30735 | Snake:4  | Found a frozen archway.
 30741 | IceCv    | Entered an ice cave
 30982 | IceCv    | Found an ancient bone altar of Kikubaaqudgha.
 30990 | IceCv    | Reached XP level 17. HP: 149/176 MP: 16/16
 31012 | IceCv    | Reached skill level 21 in Unarmed Combat
 31148 | IceCv    | Got the Papyrus of Cryomancy
 31229 | IceCv    | Noticed a lich
 31238 | IceCv    | Killed a lich
 31301 | IceCv    | Got the Atlas of Posthumous Frostbite
 31934 | Snake:4  | Got the Spellbook of Energy
 33235 | Snake:4  | Got a serpentine rune of Zot
 33934 | Orc:2    | Bought a ring of flight for 280 gold pieces
 34109 | Shoals:1 | Entered Level 1 of the Shoals
 34178 | Shoals:1 | Noticed Aizul
 34389 | Lair:3   | Killed Aizul
 34497 | Shoals:1 | Noticed Josephine
 34503 | Shoals:1 | Killed Josephine
 34504 | Shoals:1 | Reached skill level 22 in Unarmed Combat
 35719 | Shoals:2 | Found Otazix Ygue's General Store.
 35723 | Shoals:2 | Bought a scroll of silence for 190 gold pieces
 36773 | Shoals:1 | Upgraded the game from 0.30-a0-726-gd89dcf765f to
                  | 0.30-a0-728-gc68057be0a
 36988 | Shoals:2 | Reached XP level 18. HP: 161/189 MP: 17/17
 38935 | Shoals:4 | Entered Level 4 of the Shoals
 40571 | Shoals:4 | Learned a level 6 spell: Statue Form
 40606 | Shoals:4 | Reached skill level 23 in Unarmed Combat
 40759 | Shoals:4 | Reached skill level 1 in Earth Magic
 40766 | Shoals:4 | Reached skill level 1 in Transmutations
 40879 | Shoals:4 | Got a barnacled rune of Zot
 41694 | Elf:1    | Entered Level 1 of the Elven Halls
 41799 | Elf:1    | Reached skill level 1 in Spellcasting
 42070 | Elf:1    | Noticed Waiwil's ghost (adept DsFi)
 42112 | Elf:1    | Found a runed translucent door.
 42148 | Elf:1    | Paralysed by an air elemental for 1 turns
 42206 | Elf:1    | Paralysed by an air elemental for 1 turns
 42225 | Elf:1    | HP: 9/191 [poisoned by a +2 trident of venom]
 42871 | Elf:1    | Found Faggur's Book Shop.
 42925 | Elf:1    | Killed Waiwil's ghost
 42958 | Elf:1    | Got the Secrets of the Fjord
 43440 | Elf:2    | Reached XP level 19. HP: 163/198 MP: 21/21
 43535 | Elf:2    | Reached skill level 5 in Earth Magic
 43797 | Elf:2    | Found a runed translucent door.
 43811 | Elf:2    | Found a runed translucent door.
 44546 | Elf:2    | Learned a level 6 spell: Iron Shot
 44550 | Elf:2    | Learned a level 3 spell: Stone Arrow
 44556 | Elf:2    | Learned a level 5 spell: Lee's Rapid Deconstruction
 44816 | Elf:3    | Entered Level 3 of the Elven Halls
 45301 | Elf:3    | Reached skill level 5 in Transmutations
 45911 | Elf:3    | HP: 6/198 [deep elf elementalist/freezing blast (9)]
 45930 | Elf:3    | HP: 1/198 [deep elf master archer/arrow (17)]
 45936 | Elf:3    | Shot with an arrow by a deep elf master archer

Illustrated notes

Levels and vault maps discovered:
D:1:      matt_arrival_refuge, layout_loops_ring
D:2:      layout_basic, minivault_11, minmay_splitting_lines, minmay_puff
D:3:      layout_basic, cheibrodos_sewer_entry_bend, minivault_26,
          glass_columns_a, uniq_crazy_yiuf_cottage, uniq_terence, uniq_ijyb
D:4:      layout_gridville, grunt_qazlal_clouds
D:5:      layout_gridville, serial_shops, nicolae_shop_window_shopping,
          uniq_eustachio
D:6:      layout_rooms, marbit_many_paths, nicolae_overflow_hidden_temple,
          okawaru_metal_pillars_1_2, lightli_orcish_oven, uniq_duvessa,
          uniq_edmund
D:7:      layout_basic, minmay_temple_entry_waves, enter_bailey_4,
          kennysheep_generic_room_12
D:8:      cheibrodos_quashed, layout_basic, bloody_makhleb,
          mainiacjoe_overflow_big_doors, serial_rivers,
          chequers_serial_rivers_large_a, chequers_serial_rivers_room_a,
          chequers_serial_rivers_room_a, chequers_serial_rivers_small_3,
          chequers_serial_rivers_micro_b, roderic_malta_cross,
          kennysheep_generic_room_6
D:9:      layout_cave_pools, tgw_sif, kiku_gazebo_garden_becter,
          lair_entry_dummy, serial_shops, shop, serial_column_ruins,
          column_ruins_hut, column_ruins_square_medium, column_ruins_open_tiny,
          column_ruins_grid_4, column_ruins_corridor_straight,
          column_ruins_open_medium, column_ruins_columns_dead_end,
          column_ruins_open_medium, uniq_grum
D:10:     layout_basic, orc_0_dummy, mrwooster_statue_mirror
D:11:     layout_loops_corners, serial_shops, shop_coins
D:12:     layout_cave_pools
D:13:     layout_long_grid, erik_vaults_1, lightli_corner_chamber
D:14:     layout_loops_cross, minmay_misc_feat_pillars, serial_shops,
          nicolae_shop_crystal, uniq_jorgrun
D:15:     grunt_enter_depths_snipers, layout_long_grid, hangedman_decor_lopped,
          uniq_louise
Temple:   nicolae_temple_ecumenical_triangle
Lair:1:   layout_long_grid, cheibrodos_lair_lostbears,
          infiniplex_staircase_pool, grunt_megastairs_3, uniq_gastronok
Lair:2:   layout_gridlike, grunt_forest_stairs_basic,
          kennysheep_abandoned_house, serial_bayou_shore_a
Lair:3:   layout_layer_cave, elwin_shoals_entry_rocks,
          minmay_snake_entry_guardpost_large
Lair:4:   layout_regular_city
Lair:5:   cheibrodos_lair_end_hotspot, layout_long_grid, slime_entry_2
Shoals:1: layout_shoals, uniq_aizul, uniq_josephine
Shoals:2: layout_shoals, serial_shops, nicolae_shop_hallway_stairs
Shoals:3: layout_shoals
Shoals:4: shoals_end_grunt_ice, layout_shoals
Snake:1:  gammafunk_the_bubble [the_bubble_gammafunk_plus_minus], layout_rooms
Snake:2:  layout_gridlike, grunt_megastairs_1, uniq_vashnia, uniq_nikola
Snake:3:  layout_chambers, nicolae_integral_box
Snake:4:  grunt_snake_rune_serpentine_throne, layout_misc_corridors,
          portal_ice_cave_entry_pillars_four, nicolae_snake_gridmaze_tees,
          serial_bayou_lagoon_b
Orc:1:    layout_diamond_mine, basic_altar, serial_shops, nicolae_lakefront_shop
Orc:2:    st_orc_congregation, layout_caves, nicolae_alphabet_shops,
          abandoned_shop
Elf:1:    layout_gridlike, hellmonk_ghost_big_iron, serial_shops,
          nicolae_shop_crystal, minivault_28, grunt_megastairs_2
Elf:2:    nicolae_elf_blades_splatter_lattice
          [nicolae_blade_entry_splitting_headache], layout_geoelf_diagonals
Elf:3:    nooodl_elf_gasket, layout_loops_corners

Skill      XL: |  1  2  3  4  5  6  7  8  9 10 11 12 13 14 15 16 17 18 19 |
---------------+----------------------------------------------------------+-----
Shields        | 3 4 6 7 8 9 10 11 12 13 14 | 14.7
Unarmed Combat | 3 4 5 6 8 10 11 12 13 15 17 19 20 22 23 | 23.0
Fighting       | 3 4 5 6 7 8 9 10 11 13 14 | 14.5
Dodging        | 4 6 8 9 |  9.9
Earth Magic    | 4 9 |  9.0
Transmutations | 3 5 |  5.8
Spellcasting   | 2 3 |  3.3

Action                     |  1- 3 |  4- 6 |  7- 9 | 10-12 | 13-15 | 16-18 | 19-21 || total
---------------------------+-------+-------+-------+-------+-------+-------+-------++-------
  Melee: Unarmed           |    99 |   102 |   319 |   620 |  1160 |  1457 |   313 ||  4070
         War axe           |       |       |       |       |    35 |       |       ||    35
  Throw: Dart              |     1 |     4 |    16 |    15 |       |       |       ||    36
         Javelin           |       |       |       |    33 |    12 |       |       ||    45
         Boomerang         |       |       |       |       |     4 |       |       ||     4
         Large rock        |       |       |       |       |     4 |    10 |       ||    14
   Cast: Passwall          |       |       |     1 |       |       |       |       ||     1
 Invoke: Heavenly Storm    |       |       |       |       |     2 |     2 |     1 ||     5
         Serpent's Lash    |       |       |       |       |     1 |       |       ||     1
Ability: Whirlwind         |       |       |       |    84 |   207 |   224 |    50 ||   565
         Lunge             |       |       |       |    43 |   118 |   163 |    36 ||   360
  Evoke: Wand              |       |     2 |     9 |    10 |    13 |    20 |       ||    54
    Use: Scroll            |     3 |     4 |     9 |    16 |    12 |    17 |     4 ||    65
         Potion            |       |       |     2 |     4 |     3 |    13 |     6 ||    28
   Stab: Held in net/web   |       |       |       |       |       |     2 |       ||     2
 Armour: Robe              |    32 |    21 |   162 |   194 |   133 |    99 |    11 ||   652
  Dodge: Dodged            |    39 |    26 |   137 |   287 |   382 |   304 |    46 ||  1221
  Block: Kite shield       |    46 |    27 |   176 |   447 |   635 |   868 |    98 ||  2297
         Reflection        |       |       |       |       |    10 |   144 |    11 ||   165

Table legend: (Time is in decaauts)
 A = Elapsed time spent in this place.
 B = Non-inter-level travel time spent in this place.
 C = Inter-level travel time spent in this place.
 D = Time resting spent in this place.
 E = Time spent auto-exploring this place.
 F = Levels seen in this place.
 G = Mean time per level.
                   A        B        C        D        E       F      G
               +--------+--------+--------+--------+--------+-----+--------+
         Total |  45503 |  36564 |   8939 |   7828 |  14657 |  37 | 1229.8 |
       Dungeon |  14818 |  12550 |   2268 |   1732 |   7227 |  15 |  987.9 |
        Temple |     18 |      3 |     15 |      0 |      0 |   1 |   18.0 |
          Lair |   7558 |   5891 |   1667 |    849 |   3395 |   5 | 1511.6 |
        Shoals |   6892 |   5409 |   1483 |   2079 |   1167 |   4 | 1723.0 |
     Snake Pit |   7175 |   5486 |   1689 |   1550 |   1341 |   4 | 1793.8 |
  Orcish Mines |   2343 |   1485 |    858 |    254 |    699 |   2 | 1171.5 |
   Elven Halls |   3868 |   2911 |    957 |    726 |    346 |   3 | 1289.3 |
         Sewer |    944 |    944 |      0 |    111 |    355 |   1 |  944.0 |
        Bailey |   1083 |   1083 |      0 |    171 |    122 |   1 | 1083.0 |
      Ice Cave |    798 |    798 |      0 |    356 |      5 |   1 |  798.0 |
               +--------+--------+--------+--------+--------+-----+--------+

Top non-repeatable levels by time:
 Snake:2: 2265 daAuts
 Snake:4: 2156 daAuts
Shoals:3: 2118 daAuts
  Lair:3: 1902 daAuts
Shoals:4: 1682 daAuts
  Lair:2: 1641 daAuts
   Elf:2: 1614 daAuts
Shoals:1: 1589 daAuts
  Lair:5: 1568 daAuts
 Snake:3: 1537 daAuts
Shoals:2: 1502 daAuts
   Orc:2: 1409 daAuts
    D:13: 1378 daAuts
  Lair:4: 1359 daAuts
     D:8: 1325 daAuts
